Workbook
Name \0: '[1]SALARIO LEGAL'!#REF!
Name \0: '[1]SALARIO LEGAL'!#REF!
Name \0: '[1]SALARIO LEGAL'!#REF!
Name \0: '[1]SALARIO LEGAL'!#REF!
Name \0: '[1]SALARIO LEGAL'!#REF!
Name \0: '[1]SALARIO LEGAL'!#REF!
Name \0: '[1]SALARIO LEGAL'!#REF!
Name \0: '[1]SALARIO LEGAL'!#REF!
Name \0: '[1]SALARIO LEGAL'!#REF!
Name \0: '[1]SALARIO LEGAL'!#REF!
Name \a: #REF!
Name \a: #REF!
Name \a: #REF!
Name \a: #REF!
Name \a: #REF!
Name \a: #REF!
Name \a: #REF!
Name \a: #REF!
Name \a: #REF!
Name \a: #REF!
Name \b: #REF!
Name \b: #REF!
Name \b: #REF!
Name \b: #REF!
Name \b: #REF!
Name \b: #REF!
Name \b: #REF!
Name \b: #REF!
Name \b: #REF!
Name \b: #REF!
Name \c: '[1]SALARIO LEGAL'!#REF!
Name \c: '[1]SALARIO LEGAL'!#REF!
Name \c: '[1]SALARIO LEGAL'!#REF!
Name \c: '[1]SALARIO LEGAL'!#REF!
Name \c: '[1]SALARIO LEGAL'!#REF!
Name \c: '[1]SALARIO LEGAL'!#REF!
Name \c: '[1]SALARIO LEGAL'!#REF!
Name \c: '[1]SALARIO LEGAL'!#REF!
Name \c: '[1]SALARIO LEGAL'!#REF!
Name \c: '[1]SALARIO LEGAL'!#REF!
Name \eliminar: [2]RESUM96!#REF!
Name \eliminar: [2]RESUM96!#REF!
Name \eliminar: [2]RESUM96!#REF!
Name \eliminar: [2]RESUM96!#REF!
Name \eliminar: [2]RESUM96!#REF!
Name \eliminar: [2]RESUM96!#REF!
Name \eliminar: [2]RESUM96!#REF!
Name \eliminar: [2]RESUM96!#REF!
Name \eliminar: [2]RESUM96!#REF!
Name \eliminar: [2]RESUM96!#REF!
Name \eliminar1: [2]RESUM96!#REF!
Name \eliminar1: [2]RESUM96!#REF!
Name \eliminar1: [2]RESUM96!#REF!
Name \eliminar1: [2]RESUM96!#REF!
Name \eliminar1: [2]RESUM96!#REF!
Name \eliminar1: [2]RESUM96!#REF!
Name \eliminar1: [2]RESUM96!#REF!
Name \eliminar1: [2]RESUM96!#REF!
Name \eliminar1: [2]RESUM96!#REF!
Name \eliminar1: [2]RESUM96!#REF!

Sheet PRESUPUESTO OFICIAL  MTO 2902
C3: INSTITUTO NACIONAL DE VÍAS
C4: DIRECCIÓN TÉCNICA Y DE ESTRUCTURACION
C5: SA-MC-DT-RIS-001-2022
C6: Mantenimiento de la carretera Puente Mosquera - Cruce Avenida del Ferrocarril, ruta 2902 en el Departamento de Risaralda
C13: PRESUPUESTO OFICIAL | N13: REFERENCIA
C14: FORMULARIO 1 | N14: LONGITUD | O14: ANCHO VIA | P14: ESPESOR
N15: 1395.9603 | O15: 8 | P15: 0.07
C17: Nº | D17: ÍTEM DE PAGO | E17: ESPECIFICACIONES | G17: DESCRIPCIÓN | H17: UND. | I17: CANTIDAD | J17: VALOR UNITARIO | K17: VALOR TOTAL
E18: GENERAL 2022 | F18: PARTICULAR
C19: PAVIMENTOS ASFALTICOS TRAMO PUENTE MOSQUERA-CRUCE AVENIDA DEL FERROCARRIL, RUTA 2902
C20: 1 | D20: 421.2 | E20: 420-22 | G20: RIEGO DE LIGA CON EMULSIÓN ASFÁLTICA CRR-2 | H20: m2 | I20: =ROUND(+N15*O15,0) -> 11168 | J20: ='420.2 '!N88 -> 1900 | K20: =+J20*I20 -> 21219200
C21: 2 | D21: 460.1 | E21: 460.2022 | G21: FRESADO DE PAVIMENTO ASFÁLTICO EN ESPESOR DE 10 CM | H21: m2 | I21: =ROUND(+N15*O15,0) -> 11168 | J21: ='460.1'!N87 -> 5500 | K21: =+J21*I21 -> 61424000
C22: 3 | D22: 464 | E22: 464-2022 | G22: GEOMALLA DE REFUERZO, TIPO biaxial diseñada para reforzar y controlar el reflejo de agrietamientos en capas de concreto asfáltico con el exclusivo Multifilamento de Poliéster de Alta Tenacidad | H22: m2 | I22: 5000 | J22: ='464.P'!N88 -> 12000 | K22: =I22*J22 -> 60000000
C23: 4 | D23: 450.2P | F23: 450.2P | G23: Mezcla densa en caliente Tipo MDC-19 | H23: m3 | I23: =ROUND(P15*N15*O15,0) -> 782 | J23: ='450.2'!N93 -> 771000 | K23: =+J23*I23 -> 602922000
C24: Subtotal | K24: =SUM(K20:K23) -> 745565200
C25: ESTRUCTURAS Y DRENAJES
C26: 5 | D26: 630.4 | E26: 630-22 | G26: Concreto clase 21 MPA | H26: m3 | I26: 1 | J26: ='630.4'!N89 -> 692553 | K26: =+J26*I26 -> 692553
C27: 6 | D27: 640.1 | E27: 640-22 | G27: Acero de refuerzo Fy=420 Mpa. | H27: kg | I27: 1 | J27: 4891 | K27: =+J27*I27 -> 4891
C28: Subtotal | K28: =SUM(K26:K27) -> 697444
C29: SEÑALIZACIÓN Y SEGURIDAD VIAL
C30: 7 | D30: 1P | E30: Manual de Señalización Vial 2015 | G30: Suministro y aplicación de pintura en frío acrílica pura base agua para líneas de demarcación de pavimentos | H30: m | I30: =ROUND(+N15*3*4*2,0) -> 33503 | J30: ='700.1'!N89 -> 1886 | K30: =+J30*I30 -> 63186658
C31: 8 | D31: 703 | E31: Manual de Señalización Vial 2015 | G31: Marca Vial | H31: m2 | I31: =64*3 -> 192 | J31: ='700.3'!N89 -> 39682 | K31: =+J31*I31 -> 7618944
C32: 9 | D32: 5P | E32: Manual de Señalización Vial 2015 | G32: Suministro e instalación de señal vertical de transito sp, sr y si (75cm*75cm) con lamina acero galvanizado retroreflectiva | H32: u | I32: 43 | J32: ='710.1'!N89 -> 439203 | K32: =+J32*I32 -> 18885729
C33: Subtotal | K33: =SUM(K30:K32) -> 89691331
C35: SUBTOTAL OBRAS | K35: =K24+K28+K33 -> 835953975 | P35: REFERENCIAS
G37: PROVISIÓN PARA AJUSTES, OBRAS COMPLEMENTARIAS Y/O ADICIONALES, PAGA | J37: NO MODIFICAR | K37: 57000000 | P37: 0.066030298
G38: RECARGO PARA TRABAJO NOCTURNO | J38: NO MODIFICAR | K38: 30795548 | N38: =+K23*0.1 -> 60292200 | P38: =+N38*0.5 -> 30146100
G39: PMT | J39: NO MODIFICAR | K39: 10000000
G40: VALOR BÁSICO DE OBRAS, INCLUYE OBRAS COMPLEMENTARIAS Y AJUSTES | K40: =K35+K37+K38+K39 -> 9.3374952e+08
G41: VALOR IVA (OBRA) (19% SOBRE UTILIDAD OBRA) | K41: =(((K35+K37+K38)/1.3)*0.05)*0.19 -> 6750477.3
G42: SUBTOTAL OBRAS (INCLUYE IVA) | K42: =SUM(K40:K41) -> 940500000
G43: BASICO REVISIÓN, AJUSTE Y/O ACTUALIZACIÓN Y/O MODIFICACIÓN Y/O COMPLEMENTACIÓN DE LOS ESTUDIOS Y DISEÑOS Y/O ELABORACION DEL CÁLCULO DE LA ESTRUCTURA DEL PAVIMENTO Y/O CÁLCULOS ESTRUCTURALES Y/O DE OBRAS REQUERIDAS PARA GARANTIZAR LA ESTABILIDAD DE LA INFRAESTRUCTURA VIAL | J43: NO MODIFICAR | K43: 50000000 | P43: 0.1
G44: IVA - REVISIÓN, AJUSTE Y/O ACTUALIZACIÓN Y/O MODIFICACIÓN Y/O COMPLEMENTACIÓN DE LOS ESTUDIOS Y DISEÑOS Y/O ELABORACION DEL CÁLCULO DE LA ESTRUCTURA DEL PAVIMENTO Y/O CÁLCULOS ESTRUCTURALES Y/O DE OBRAS REQUERIDAS PARA GARANTIZAR LA ESTABILIDAD DE LA INFRAESTRUCTURA VIAL | H44: 0.19 | J44: NO MODIFICAR | K44: =0.19*K43 -> 9500000 | P44: =+K44/K42 -> 0.01010101
F45: Especificacion particular | G45: TOTAL ESTUDIOS Y DISEÑOS, REVISIÓN, AJUSTE Y/O ACTUALIZACIÓN Y/O MODIFICACIÓN Y/O COMPLEMENTACIÓN DE LOS ESTUDIOS Y DISEÑOS Y/O ELABORACION DEL CÁLCULO DE LA ESTRUCTURA DEL PAVIMENTO Y/O CÁLCULOS ESTRUCTURALES Y/O DE OBRAS REQUERIDAS PARA GARANTIZAR LA ESTABILIDAD DE LA INFRAESTRUCTURA VIAL | J45: NO MODIFICAR | K45: =SUM(K43:K44) -> 59500000 | N45: =SUM(N43:N44) -> 0
G46: VALOR TOTAL | K46: =+K45+K42 -> 1000000000
C48: VALOR TOTAL EN LETRAS: | F48: MIL MILLONES DE PESOS, MONEDA CORRIENTE.
C49: NOTA 1: Teniendo en cuenta el manual de señalización vial - dispositivos uniformes para la regulación del tránsito en calles, carreteras y ciclorrutas de Colombia, adoptado mediante resolución No. 0001885 de 17 de junio de 2015 del Ministerio de Transporte; se aclara que el aparte de SEÑALIZACIÓN se debe ajustar a todo su contenido. Ésta señalización debe colocarse desde la órden de iniciación del contrato. | H49: DESCRIPCIÓN | K49: PORCENTAJE
C50: NOTA 2: El control de tráfico temporal (controladores de trafico) y la señalización provisional necesarios para la ejecución de las obras será por cuenta y riesgo del contratista. | H50: ADMINISTRACIÓN | J50: A= | K50: 0.2
C51: NOTA 3: Se debe tener en cuenta que el PRECIO UNITARIO incluye el valor de AIU. | H51: IMPREVISTO | J51: I= | K51: 0.05
C52: NOTA 4: El AIU y su discriminación deben estar en porcentaje (%). | H52: UTILIDAD | J52: U= | K52: 0.05
C53: NOTA 5: Cuando la fracción decimal del peso sea igual o superior a 5 se aproximará por exceso al número entero siguiente del peso y cuando la fracción decimal del peso sea inferior a 5 se aproximará por defecto al número entero del peso. | H53: TOTAL AIU | J53: AIU= | K53: 0.3
C54: NOTA 6: El CONTRATISTA dará estricto cumplimiento de los protocolos de bioseguridad, así como del Decreto 531 de 2020, la resolución 666 de 2020, la resolución 679 de 2020, la resolución 312 de 2019 y la resolución 1443 de 2014.
C55: NOTA 7: Los valores que aparecen fijos e inmodificables no podrán alterarse, de lo contrario, será causal de rechazo de la propuesta que hace parte integral del presente proceso, conforme el literal O, del numeral 1.15 del pliego de condiciones.

Sheet 420.2 
K1: CÓDIGO | L1: MEPI-MN1-IN-10-FR-1
C2: INSTITUTO NACIONAL DE VIAS
C3: PROCESO GESTIÓN DE LA INFRAESTRUCTURA VIAL | K3: VERSIÓN | L3: 1
C4: MANUAL DE INTERVENTORÍA OBRA PÚBLICA
C5: ANÁLISIS DE PRECIOS UNITARIOS | K5: PÁGINA | M5: DE
K8: FECHA | L8: 1 | M8: 11 | N8: 2022
L9: (Día) | M9: (Mes) | N9: (Año)
B10: ITEMS DE LA PROPUESTA ECONÓMICA | F10: □ | I10: ITEMS NO PREVISTOS | K10: □
B11: UNIDAD EJECUTORA: | D11: SGI | J11: DIRECCIÓN TERRITORIAL: | K11: RISARALDA
B14: CONTRATO No. | D14: DE
B15: OBJETO DEL CONTRATO:
B18: CARRETERA: | J18: SECTOR:
B20: CONTRATISTA:
B22: INTERVENTOR: | K22: CTO No.: | M22: DE
B24: FECHA CIERRE PROCESO DE SELECCIÓN CONTRATO DE OBRA:
F25: (Día) | I25: (Mes) | J25: (Año)
B27: DATOS ESPECÍFICOS
B29: ITEM | C29: DESCRIPCIÓN | K29: GRUPO DE AJUSTE | L29: UNIDAD | N29: CANTIDAD
B30: ITEM | C30: DESCRIPCIÓN | L30: UNIDAD | N30: CANTIDAD
A31: Unidad | B31: 420.2 | C31: RIEGO DE IMPRIMACIÓN CON EMULSIÓN ASFÁLTICA CRL-1 | L31: m2
B33: I. EQUIPO
B35: DESCRIPCIÓN | I35: TIPO | K35: TARIFA/HORA | L35: RENDIMIENTO | N35: Vr. UNITARIO
A36: C0010160 | B36: =VLOOKUP(A36,[134]EQUIPOS!A6:D154,3,FALSE) -> Carrotanque Irrigador de asfalto, 1000 GALONES DE CAPACIDAD | K36: =VLOOKUP(A36,[134]EQUIPOS!A6:D163,4,FALSE) -> 69153.29 | M36: 1000 | N36: =K36/M36 -> 69.15329
A37: C0010250 | B37: =VLOOKUP(A37,[134]EQUIPOS!A7:D154,3,FALSE) -> Compresor (barrido y soplado) | K37: =VLOOKUP(A37,[134]EQUIPOS!A7:D164,4,FALSE) -> 51799.347 | M37: 1000 | N37: =K37/M37 -> 51.799347
B41: HERRAMIENTA MENOR (%) | M41: 0.01 | N41: =N76*M41 -> 0.56150655
B43: SUBTOTAL $ | N43: =SUM(N36:N42) -> 121.51414
B45: II. MATERIALES
B47: DESCRIPCIÓN | J47: UNIDAD | K47: CANTIDAD | L47: PRECIO UNIT. | N47: Vr. UNITARIO
A48: B020002 | B48: =VLOOKUP(A48,[134]MATERIALES!A4:D373,3,FALSE) -> Emulsión CRL-1 | J48: =VLOOKUP(A48,[134]MATERIALES!A4:D373,2,FALSE) -> lt | K48: 0.85 | M48: =VLOOKUP(A48,[134]MATERIALES!A4:D395,4,FALSE) -> 1510.8418 | N48: =K48*M48 -> 1284.2155
B54: SUBTOTAL $ | N54: =SUM(N48:N53) -> 1284.2155
B56: III. TRANSPORTES
B58: MATERIAL | H58: UNIDAD | I58: CANTIDAD (1) | J58: DISTANCIA (2) | K58: (1) * (2) | L58: TARIFA | N58: Vr. UNITARIO
B65: SUBTOTAL $
B67: IV. MANO DE OBRA
B69: TRABAJADOR | I69: JORNAL | J69: PRESTACIONES (%) | K69: JORNAL TOTAL | L69: RENDIMIENTO | N69: Vr. UNITARIO
A70: A0030040 | B70: =VLOOKUP(A70,'[134]MANO DE OBRA'!A8:D68,3,FALSE) -> Obrero (4) | I70: =K70/J70*100 -> 115336.48 | J70: 185 | K70: =VLOOKUP(A70,'[134]MANO DE OBRA'!A8:D99,4,FALSE) -> 213372.49 | M70: 3800 | N70: =K70/M70 -> 56.150655
B76: SUBTOTAL $ | N76: =SUM(N70:N75) -> 56.150655
B78: TOTAL COSTO DIRECTO $ | N78: =N43+N54+N65+N76 -> 1461.8803
B80: V. COSTOS INDIRECTOS
B82: Descripción | K82: Porcentaje | L82: Valor Total
B83: ADMINISTRACION | K83: 0.2 | L83: =N78*K83 -> 292.37606
B84: IMPREVISTOS | K84: 0.05 | L84: =N78*K84 -> 73.094015
B85: UTILIDAD | K85: 0.05 | L85: =N78*K85 -> 73.094015
B86: SUBTOTAL $ | N86: =L83+L84+L85 -> 438.56409
A88: PFinal01 | B88: Precio Unitario Total Aproximado al Peso $ | N88: =ROUND(N78+N86,0) -> 1900
E93: Firma
E94: Nombre:
E95: Representante Legal del Contratista o su Apoderado
E96: Matricula No. :
B98: OBSERVACIONES INTERVENTORÍA:
B104: APROBACIÓN POR INTERVENTORÍA
B105: Nota 1: Cuando se trate de Análisis de precios unitarios correspondientes a ítems de la propuesta económica aprobada, el Interventor aprueba el desglose de los componentes manteniendo el mismo precio unitario de cada ítem, cumpliendo con las especificaciones de construcción vigentes para el proyecto.
B107: Nota 2: Cuando se trate de Análisis de precios unitarios de ítems no previstos, el Interventor aprueba el desglose y precio unitario de cada ítem no previsto, exigiendo la aplicación de los costos correspondientes a insumos y tarifas de la propuesta económica inicial cuando estén contemplados, cumpliendo con las especificaciones de construcción vigente para el proyecto.
E113: Firma
E114: Nombre:
E115: Representante Legal del Interventor o su Apoderado
E116: Matricula No. :
B118: Original: Archivo de Gestión del Contrato (Subdirección Administrativa).
B119: Copias: Unidad Ejecutora, Contratista, Interventor y Dirección Territorial.

Sheet 460.1
K1: CÓDIGO | L1: MEPI-MN1-IN-10-FR-1
C2: INSTITUTO NACIONAL DE VIAS
C3: PROCESO GESTIÓN DE LA INFRAESTRUCTURA VIAL | K3: VERSIÓN | L3: 1
C4: MANUAL DE INTERVENTORÍA OBRA PÚBLICA
C5: ANÁLISIS DE PRECIOS UNITARIOS | K5: PÁGINA | M5: DE
K8: FECHA | L8: 1 | M8: 11 | N8: 2022
L9: (Día) | M9: (Mes) | N9: (Año)
B10: ITEMS DE LA PROPUESTA ECONÓMICA | F10: □ | I10: ITEMS NO PREVISTOS | K10: □
B11: UNIDAD EJECUTORA: | D11: SGI | J11: DIRECCIÓN TERRITORIAL: | K11: RISARALDA
B14: CONTRATO No. | D14: DE
B15: OBJETO DEL CONTRATO:
B18: CARRETERA: | J18: SECTOR:
B20: CONTRATISTA:
B22: INTERVENTOR: | K22: CTO No.: | M22: DE
B24: FECHA CIERRE PROCESO DE SELECCIÓN CONTRATO DE OBRA:
F25: (Día) | I25: (Mes) | J25: (Año)
B27: DATOS ESPECÍFICOS
B29: ITEM | C29: DESCRIPCIÓN | K29: GRUPO DE AJUSTE | L29: UNIDAD | N29: CANTIDAD
B30: ITEM | C30: DESCRIPCIÓN | L30: UNIDAD | N30: CANTIDAD
A31: Unidad | B31: 460.1 | C31: Fresado de Pavimento Asfaltico en espesor de 10 CM | L31: m2
B33: I. EQUIPO
B35: DESCRIPCIÓN | I35: TIPO | K35: TARIFA/HORA | L35: RENDIMIENTO | N35: Vr. UNITARIO
A36: C0010020 | B36: =VLOOKUP(A36,[134]EQUIPOS!A6:D154,3,FALSE) -> Barredora mecánica de cepillo de 3658 mm ; 6 m3 | K36: =VLOOKUP(A36,[134]EQUIPOS!A6:D163,4,FALSE) -> 51650.425 | M36: 150 | N36: =K36/M36 -> 344.33617
A37: C0010130 | B37: =VLOOKUP(A37,[134]EQUIPOS!A7:D154,3,FALSE) -> Cargador : Potencia en el volante 110 hp, Clasificación de RPM del motor 2300. | K37: =VLOOKUP(A37,[134]EQUIPOS!A7:D164,4,FALSE) -> 101451.66 | M37: 150 | N37: =K37/M37 -> 676.34443
A38: C0010460 | B38: =VLOOKUP(A38,[134]EQUIPOS!A8:D154,3,FALSE) -> Fresadora de pavimento, potencia 255 HP, peso 19 Ton, PROFUNDIDAD DE CORTE 305 mm | K38: =VLOOKUP(A38,[134]EQUIPOS!A8:D165,4,FALSE) -> 261963.99 | M38: 150 | N38: =K38/M38 -> 1746.4266
B41: HERRAMIENTA MENOR (%) | M41: 0.01 | N41: 1
B43: SUBTOTAL $ | N43: =SUM(N36:N42) -> 2768.1072
B45: II. MATERIALES
B47: DESCRIPCIÓN | J47: UNIDAD | K47: CANTIDAD | L47: PRECIO UNIT. | N47: Vr. UNITARIO
B53: SUBTOTAL $
B55: III. TRANSPORTES
B57: MATERIAL | H57: UNIDAD | I57: CANTIDAD (1) | J57: DISTANCIA (2) | K57: (1) * (2) | L57: TARIFA | N57: Vr. UNITARIO
A58: T0010006 | B58: =VLOOKUP(A58,[134]TRANSPORTE!A5:D117,3,FALSE) -> Transporte de material fresado | H58: m3km | I58: 0.13 | J58: 8.45 | K58: =I58*J58 -> 1.0985 | L58: =VLOOKUP(A58,[134]TRANSPORTE!A5:D117,4,FALSE) -> 1169.5797 | N58: =K58*L58 -> 1284.7833
B64: SUBTOTAL $ | N64: =N58+N59+N60+N61+N62 -> 1284.7833
B66: IV. MANO DE OBRA
B68: TRABAJADOR | I68: JORNAL | J68: PRESTACIONES (%) | K68: JORNAL TOTAL | L68: RENDIMIENTO | N68: Vr. UNITARIO
A69: A0030040 | B69: =VLOOKUP(A69,'[134]MANO DE OBRA'!A8:D68,3,FALSE) -> Obrero (4) | I69: =K69/J69*100 -> 115336.48 | J69: 185 | K69: =VLOOKUP(A69,'[134]MANO DE OBRA'!A8:D99,4,FALSE) -> 213372.49 | M69: 1200 | N69: =K69/M69 -> 177.81041
B75: SUBTOTAL $ | N75: =SUM(N69:N74) -> 177.81041
B77: TOTAL COSTO DIRECTO $ | N77: =N43+N53+N64+N75 -> 4230.7009
B79: V. COSTOS INDIRECTOS
B81: Descripción | K81: Porcentaje | L81: Valor Total
B82: ADMINISTRACION | K82: 0.2 | L82: =N77*K82 -> 846.14018
B83: IMPREVISTOS | K83: 0.05 | L83: =N77*K83 -> 211.53504
B84: UTILIDAD | K84: 0.05 | L84: =N77*K84 -> 211.53504
B85: SUBTOTAL $ | N85: =L82+L83+L84 -> 1269.2103
A87: PFinal01 | B87: Precio Unitario Total Aproximado al Peso $ | N87: =ROUND(N77+N85,0) -> 5500
E92: Firma
E93: Nombre:
E94: Representante Legal del Contratista o su Apoderado
E95: Matricula No. :
B97: OBSERVACIONES INTERVENTORÍA:
B103: APROBACIÓN POR INTERVENTORÍA
B104: Nota 1: Cuando se trate de Análisis de precios unitarios correspondientes a ítems de la propuesta económica aprobada, el Interventor aprueba el desglose de los componentes manteniendo el mismo precio unitario de cada ítem, cumpliendo con las especificaciones de construcción vigentes para el proyecto.
B106: Nota 2: Cuando se trate de Análisis de precios unitarios de ítems no previstos, el Interventor aprueba el desglose y precio unitario de cada ítem no previsto, exigiendo la aplicación de los costos correspondientes a insumos y tarifas de la propuesta económica inicial cuando estén contemplados, cumpliendo con las especificaciones de construcción vigente para el proyecto.
E112: Firma
E113: Nombre:
E114: Representante Legal del Interventor o su Apoderado
E115: Matricula No. :
B117: Original: Archivo de Gestión del Contrato (Subdirección Administrativa).
B118: Copias: Unidad Ejecutora, Contratista, Interventor y Dirección Territorial.

Sheet 464.P
K1: CÓDIGO | L1: MEPI-MN1-IN-10-FR-1
C2: INSTITUTO NACIONAL DE VIAS
C3: PROCESO GESTIÓN DE LA INFRAESTRUCTURA VIAL | K3: VERSIÓN | L3: 1
C4: MANUAL DE INTERVENTORÍA OBRA PÚBLICA
C5: ANÁLISIS DE PRECIOS UNITARIOS | K5: PÁGINA | M5: DE
K8: FECHA | L8: 1 | M8: 11 | N8: 2022
L9: (Día) | M9: (Mes) | N9: (Año)
B10: ITEMS DE LA PROPUESTA ECONÓMICA | F10: □ | I10: ITEMS NO PREVISTOS | K10: □
B11: UNIDAD EJECUTORA: | D11: SGI | J11: DIRECCIÓN TERRITORIAL: | K11: RISARALDA
B14: CONTRATO No. | D14: DE
B15: OBJETO DEL CONTRATO:
B18: CARRETERA: | J18: SECTOR:
B20: CONTRATISTA:
B22: INTERVENTOR: | K22: CTO No.: | M22: DE
B24: FECHA CIERRE PROCESO DE SELECCIÓN CONTRATO DE OBRA:
F25: (Día) | I25: (Mes) | J25: (Año)
B27: DATOS ESPECÍFICOS
B29: ITEM | C29: DESCRIPCIÓN | K29: GRUPO DE AJUSTE | L29: UNIDAD | N29: CANTIDAD
B30: ITEM | C30: DESCRIPCIÓN | L30: UNIDAD | N30: CANTIDAD
A31: Unidad | B31: 464.1 | C31: Geotextil para Repavimentaciòn | L31: m2
B33: I. EQUIPO
B35: DESCRIPCIÓN | I35: TIPO | K35: TARIFA/HORA | L35: RENDIMIENTO | N35: Vr. UNITARIO
B42: HERRAMIENTA MENOR (%) | M42: 0.01 | N42: =N76*M42 -> 3.8051291
B44: SUBTOTAL $ | N44: =SUM(N36:N43) -> 3.8051291
B46: II. MATERIALES
B48: DESCRIPCIÓN | J48: UNIDAD | K48: CANTIDAD | L48: PRECIO UNIT. | N48: Vr. UNITARIO
A49: B0264115 | B49: =VLOOKUP(A49,[134]MATERIALES!A4:D373,3,FALSE) -> Geomalla Fort Gird UX-50 | J49: =VLOOKUP(A49,[134]MATERIALES!A5:D641,2,FALSE) -> m2 | K49: 1.03 | M49: =VLOOKUP(A49,[134]MATERIALES!A5:D396,4,FALSE) -> 8589.0667 | N49: =K49*M49 -> 8846.7387
B54: SUBTOTAL $ | N54: =SUM(N49:N53) -> 8846.7387
B56: III. TRANSPORTES
B58: MATERIAL | H58: UNIDAD | I58: CANTIDAD (1) | J58: DISTANCIA (2) | K58: (1) * (2) | L58: TARIFA | N58: Vr. UNITARIO
B65: SUBTOTAL $
B67: IV. MANO DE OBRA
B69: TRABAJADOR | I69: JORNAL | J69: PRESTACIONES (%) | K69: JORNAL TOTAL | L69: RENDIMIENTO | N69: Vr. UNITARIO
A70: A0030060 | B70: =VLOOKUP(A70,'[134]MANO DE OBRA'!A8:D68,3,FALSE) -> Obrero (6) | I70: =K70/J70*100 -> 173004.72 | J70: 185 | K70: =VLOOKUP(A70,'[134]MANO DE OBRA'!A8:D99,4,FALSE) -> 320058.73 | M70: 1122 | N70: =K70/M70 -> 285.25734
A71: A0040010 | B71: =VLOOKUP(A71,'[134]MANO DE OBRA'!A8:D69,3,FALSE) -> Oficial | I71: =K71/J71*100 -> 57668.24 | J71: 185 | K71: =VLOOKUP(A71,'[134]MANO DE OBRA'!A8:D100,4,FALSE) -> 106686.24 | M71: 1120 | N71: =K71/M71 -> 95.255575
B76: SUBTOTAL $ | N76: =SUM(N70:N75) -> 380.51291
B78: TOTAL COSTO DIRECTO $ | N78: =N44+N54+N65+N76 -> 9231.0568
B80: V. COSTOS INDIRECTOS
B82: Descripción | K82: Porcentaje | L82: Valor Total
B83: ADMINISTRACION | K83: 0.2 | L83: =N78*K83 -> 1846.2114
B84: IMPREVISTOS | K84: 0.05 | L84: =N78*K84 -> 461.55284
B85: UTILIDAD | K85: 0.05 | L85: =N78*K85 -> 461.55284
B86: SUBTOTAL $ | N86: =L83+L84+L85 -> 2769.317
A88: PFinal01 | B88: Precio Unitario Total Aproximado al Peso $ | N88: =ROUND(N78+N86,0) -> 12000
E93: Firma
E94: Nombre:
E95: Representante Legal del Contratista o su Apoderado
E96: Matricula No. :
B98: OBSERVACIONES INTERVENTORÍA:
B104: APROBACIÓN POR INTERVENTORÍA
B105: Nota 1: Cuando se trate de Análisis de precios unitarios correspondientes a ítems de la propuesta económica aprobada, el Interventor aprueba el desglose de los componentes manteniendo el mismo precio unitario de cada ítem, cumpliendo con las especificaciones de construcción vigentes para el proyecto.
B107: Nota 2: Cuando se trate de Análisis de precios unitarios de ítems no previstos, el Interventor aprueba el desglose y precio unitario de cada ítem no previsto, exigiendo la aplicación de los costos correspondientes a insumos y tarifas de la propuesta económica inicial cuando estén contemplados, cumpliendo con las especificaciones de construcción vigente para el proyecto.
E113: Firma
E114: Nombre:
E115: Representante Legal del Interventor o su Apoderado
E116: Matricula No. :
B118: Original: Archivo de Gestión del Contrato (Subdirección Administrativa).
B119: Copias: Unidad Ejecutora, Contratista, Interventor y Dirección Territorial.

Sheet 450.2
K1: CÓDIGO | L1: MEPI-MN1-IN-10-FR-1
C2: INSTITUTO NACIONAL DE VIAS
C3: PROCESO GESTIÓN DE LA INFRAESTRUCTURA VIAL | K3: VERSIÓN | L3: 1
C4: MANUAL DE INTERVENTORÍA OBRA PÚBLICA
C5: ANÁLISIS DE PRECIOS UNITARIOS | K5: PÁGINA | M5: DE
K8: FECHA | L8: 1 | M8: 11 | N8: 2022
L9: (Día) | M9: (Mes) | N9: (Año)
B10: ITEMS DE LA PROPUESTA ECONÓMICA | F10: □ | I10: ITEMS NO PREVISTOS | K10: □
B11: UNIDAD EJECUTORA: | D11: SGI | J11: DIRECCIÓN TERRITORIAL: | K11: RISARALDA
B14: CONTRATO No. | D14: DE
B15: OBJETO DEL CONTRATO:
B18: CARRETERA: | J18: SECTOR:
B20: CONTRATISTA:
B22: INTERVENTOR: | K22: CTO No.: | M22: DE
B24: FECHA CIERRE PROCESO DE SELECCIÓN CONTRATO DE OBRA:
F25: (Día) | I25: (Mes) | J25: (Año)
B27: DATOS ESPECÍFICOS
B29: ITEM | C29: DESCRIPCIÓN | K29: GRUPO DE AJUSTE | L29: UNIDAD | N29: CANTIDAD
B30: ITEM | C30: DESCRIPCIÓN | L30: UNIDAD | N30: CANTIDAD
A31: Unidad | B31: 450.2 | C31: Mezcla Densa en Caliente tipo MDC-19 | L31: m3
B33: I. EQUIPO
B35: DESCRIPCIÓN | I35: TIPO | K35: TARIFA/HORA | L35: RENDIMIENTO | N35: Vr. UNITARIO
A36: C0010140 | B36: =VLOOKUP(A36,[134]EQUIPOS!A6:D154,3,FALSE) -> Cargador : Potencia en el volante 125 hp, Clasificación de RPM del motor 2300. | K36: =VLOOKUP(A36,[134]EQUIPOS!A6:D163,4,FALSE) -> 117845.34 | M36: 20 | N36: =K36/M36 -> 5892.2669
A37: C0010230 | B37: =VLOOKUP(A37,[134]EQUIPOS!A7:D154,3,FALSE) -> Compactador neumático de Potencia 70 HP, peso de 13 ton | K37: =VLOOKUP(A37,[134]EQUIPOS!A7:D164,4,FALSE) -> 139459.51 | M37: 10 | N37: =K37/M37 -> 13945.951
A38: C0010810 | B38: =VLOOKUP(A38,[134]EQUIPOS!A8:D152,3,FALSE) -> Retroexcavadora E-200 sobre orugas | K38: =VLOOKUP(A38,[134]EQUIPOS!A8:D165,4,FALSE) -> 178025.09 | M38: 20 | N38: =K38/M38 -> 8901.2547
A39: C0010910 | B39: =VLOOKUP(A39,[134]EQUIPOS!A9:D153,3,FALSE) -> Terminadora de asfalto (Finisher), potencia en el volante 174 HP, R=20M3/H, velocidad de desplazamiento 114 m/min | K39: =VLOOKUP(A39,[134]EQUIPOS!A9:D166,4,FALSE) -> 170457.06 | M39: 10 | N39: =K39/M39 -> 17045.706
A40: C0010960 | B40: =VLOOKUP(A40,[134]EQUIPOS!A10:D154,3,FALSE) -> Volqueta 6 m3 | K40: =VLOOKUP(A40,[134]EQUIPOS!A10:D167,4,FALSE) -> 76346.906 | M40: 10 | N40: =K40/M40 -> 7634.6906
B47: HERRAMIENTA MENOR (%) | M47: 0.1 | N47: =N81*M47+186 -> 1964.1041
B49: SUBTOTAL $ | N49: =SUM(N36:N48) -> 55383.973
B51: II. MATERIALES
B53: DESCRIPCIÓN | J53: UNIDAD | K53: CANTIDAD | L53: PRECIO UNIT. | N53: Vr. UNITARIO
B54: Mezcla densa en caliente tipo MDC 19 (MDC2) de planta | J54: m3 | K54: 1.25 | M54: 375000 | N54: =K54*M54 -> 468750
A55: B0063200 | B55: Riego de liga con emulsion asfáltica CR-R2 | J55: =VLOOKUP(A55,[134]MATERIALES!A9:D647,2,FALSE) -> lt | K55: 15 | M55: 1481 | N55: =K55*M55 -> 22215
B59: SUBTOTAL $ | N59: =SUM(N54:N58) -> 490965
B61: III. TRANSPORTES
B63: MATERIAL | H63: UNIDAD | I63: CANTIDAD (1) | J63: DISTANCIA (2) | K63: (1) * (2) | L63: TARIFA | N63: Vr. UNITARIO
A65: T0010271 | B65: =VLOOKUP(A65,[134]TRANSPORTE!A6:D117,3,FALSE) -> Transporte de Mezcla Densa en Caliente MDC-19 | H65: m3km | I65: 1.25 | J65: 18 | K65: =I65*J65 -> 22.5 | L65: =VLOOKUP(A65,[134]TRANSPORTE!A6:D117,4,FALSE)*1.1 -> 1286.5376 | N65: =K65*L65 -> 28947.097
B70: SUBTOTAL $ | N70: =N64+N65+N66+N67+N68 -> 28947.097
B72: IV. MANO DE OBRA
B74: TRABAJADOR | I74: JORNAL | J74: PRESTACIONES (%) | K74: JORNAL TOTAL | L74: RENDIMIENTO | N74: Vr. UNITARIO
A75: A0030080 | B75: =VLOOKUP(A75,'[134]MANO DE OBRA'!A8:D68,3,FALSE) -> Obrero (8) | I75: =K75/J75*100 -> 230672.96 | J75: 185 | K75: =VLOOKUP(A75,'[134]MANO DE OBRA'!A8:D99,4,FALSE) -> 426744.97 | M75: 39 | N75: =K75/M75 -> 10942.179
A76: A0040010 | B76: =VLOOKUP(A76,'[134]MANO DE OBRA'!A8:D69,3,FALSE) -> Oficial | I76: =K76/J76*100 -> 57668.24 | J76: 185 | K76: =VLOOKUP(A76,'[134]MANO DE OBRA'!A8:D100,4,FALSE) -> 106686.24 | M76: 39 | N76: =K76/M76 -> 2735.5447
A77: A0070020 | B77: =VLOOKUP(A77,'[134]MANO DE OBRA'!A9:D70,3,FALSE) -> Rastrilleros (2) | I77: =K77/J77*100 -> 86502.36 | J77: 185 | K77: =VLOOKUP(A77,'[134]MANO DE OBRA'!A9:D101,4,FALSE) -> 160029.37 | M77: 39 | N77: =K77/M77 -> 4103.3171
B81: SUBTOTAL $ | N81: =SUM(N75:N80) -> 17781.041
B83: TOTAL COSTO DIRECTO $ | N83: =N49+N59+N70+N81 -> 593077.11
B85: V. COSTOS INDIRECTOS
B87: Descripción | K87: Porcentaje | L87: Valor Total
B88: ADMINISTRACION | K88: 0.2 | L88: =N83*K88 -> 118615.42
B89: IMPREVISTOS | K89: 0.05 | L89: =N83*K89 -> 29653.856
B90: UTILIDAD | K90: 0.05 | L90: =N83*K90 -> 29653.856
B91: SUBTOTAL $ | N91: =L88+L89+L90 -> 177923.13
A93: PFinal01 | B93: Precio Unitario Total Aproximado al Peso $ | N93: =ROUND(N83+N91,0) -> 771000
E98: Firma
E99: Nombre:
E100: Representante Legal del Contratista o su Apoderado
E101: Matricula No. :
B103: OBSERVACIONES INTERVENTORÍA:
B109: APROBACIÓN POR INTERVENTORÍA
B110: Nota 1: Cuando se trate de Análisis de precios unitarios correspondientes a ítems de la propuesta económica aprobada, el Interventor aprueba el desglose de los componentes manteniendo el mismo precio unitario de cada ítem, cumpliendo con las especificaciones de construcción vigentes para el proyecto.
B112: Nota 2: Cuando se trate de Análisis de precios unitarios de ítems no previstos, el Interventor aprueba el desglose y precio unitario de cada ítem no previsto, exigiendo la aplicación de los costos correspondientes a insumos y tarifas de la propuesta económica inicial cuando estén contemplados, cumpliendo con las especificaciones de construcción vigente para el proyecto.
E118: Firma
E119: Nombre:
E120: Representante Legal del Interventor o su Apoderado
E121: Matricula No. :
B123: Original: Archivo de Gestión del Contrato (Subdirección Administrativa).
B124: Copias: Unidad Ejecutora, Contratista, Interventor y Dirección Territorial.

Sheet 630.4
K1: CÓDIGO | L1: MEPI-MN1-IN-10-FR-1
C2: INSTITUTO NACIONAL DE VIAS
C3: PROCESO GESTIÓN DE LA INFRAESTRUCTURA VIAL | K3: VERSIÓN | L3: 1
C4: MANUAL DE INTERVENTORÍA OBRA PÚBLICA
C5: ANÁLISIS DE PRECIOS UNITARIOS | K5: PÁGINA | M5: DE
K8: FECHA | L8: 1 | M8: 11 | N8: 2022
L9: (Día) | M9: (Mes) | N9: (Año)
B10: ITEMS DE LA PROPUESTA ECONÓMICA | F10: □ | I10: ITEMS NO PREVISTOS | K10: □
B11: UNIDAD EJECUTORA: | D11: SGI | J11: DIRECCIÓN TERRITORIAL: | K11: RISARALDA
B14: CONTRATO No. | D14: DE
B15: OBJETO DEL CONTRATO:
B18: CARRETERA: | J18: SECTOR:
B20: CONTRATISTA:
B22: INTERVENTOR: | K22: CTO No.: | M22: DE
B24: FECHA CIERRE PROCESO DE SELECCIÓN CONTRATO DE OBRA:
F25: (Día) | I25: (Mes) | J25: (Año)
B27: DATOS ESPECÍFICOS
B29: ITEM | C29: DESCRIPCIÓN | K29: GRUPO DE AJUSTE | L29: UNIDAD | N29: CANTIDAD
B30: ITEM | C30: DESCRIPCIÓN | L30: UNIDAD | N30: CANTIDAD
A31: Unidad | B31: 630.4 | C31: Concreto Resistencia 21MPa (D) | L31: m3
B33: I. EQUIPO
B35: DESCRIPCIÓN | I35: TIPO | K35: TARIFA/HORA | L35: RENDIMIENTO | N35: Vr. UNITARIO
A36: C0010010 | B36: =VLOOKUP(A36,[134]EQUIPOS!A6:D154,3,FALSE) -> Aspersor manual | K36: =VLOOKUP(A36,[134]EQUIPOS!A6:D163,4,FALSE) -> 2763.6127 | M36: 2 | N36: =K36/M36 -> 1381.8064
A37: C0010922 | B37: =VLOOKUP(A37,[134]EQUIPOS!A7:D154,3,FALSE) -> Vibrador de concreto, Motor de 3 hp a 18.000 rpm Mangueras de 4 mt | K37: =VLOOKUP(A37,[134]EQUIPOS!A7:D164,4,FALSE) -> 5335.5849 | M37: 2 | N37: =K37/M37 -> 2667.7924
B41: HERRAMIENTA MENOR (%) | M41: 0.05 | N41: =N77*M41+279.5 -> 2057.6041
B43: SUBTOTAL $ | N43: =SUM(N36:N42) -> 6107.2029
B45: II. MATERIALES
B47: DESCRIPCIÓN | J47: UNIDAD | K47: CANTIDAD | L47: PRECIO UNIT. | N47: Vr. UNITARIO
A48: B0123650 | B48: =VLOOKUP(A48,[134]MATERIALES!A5:D373,3,FALSE) -> Concreto Resistencia 21 (Mpa) | J48: =VLOOKUP(A48,[134]MATERIALES!A4:D640,2,FALSE) -> m3 | K48: 1.05 | M48: 420000 | N48: =K48*M48 -> 441000
A49: B0063290 | B49: =VLOOKUP(A49,[134]MATERIALES!A6:D373,3,FALSE) -> Antisol blanco (presentación 20 kg) | J49: =VLOOKUP(A49,[134]MATERIALES!A5:D641,2,FALSE) -> kg | K49: 1 | M49: =VLOOKUP(A49,[134]MATERIALES!A6:D397,4,FALSE) -> 6039.4102 | N49: =K49*M49 -> 6039.4102
A50: B021001 | B50: =VLOOKUP(A50,[134]MATERIALES!A6:D373,3,FALSE) -> Formaleta (gaviones, juntas de bordillos, juntas de cunetas, muros, concretos clase D,E, F y G) | J50: =VLOOKUP(A50,[134]MATERIALES!A6:D642,2,FALSE) -> m2 | K50: 4.6 | M50: =VLOOKUP(A50,[134]MATERIALES!A6:D398,4,FALSE) -> 6010.9235 | N50: =K50*M50 -> 27650.248
B55: SUBTOTAL $ | N55: =SUM(N48:N54) -> 474689.66
B57: III. TRANSPORTES
B59: MATERIAL | H59: UNIDAD | I59: CANTIDAD (1) | J59: DISTANCIA (2) | K59: (1) * (2) | L59: TARIFA | N59: Vr. UNITARIO
A60: T0010009 | B60: transporte de cemento | H60: m3k | I60: 1 | J60: 14 | K60: =I60*J60 -> 14 | L60: =VLOOKUP(A60,[134]TRANSPORTE!A2:D117,4,FALSE) -> 1169.5797 | N60: =K60*L60 -> 16374.115
B66: SUBTOTAL $ | N66: =N60+N61+N62+N63+N64 -> 16374.115
B68: IV. MANO DE OBRA
B70: TRABAJADOR | I70: JORNAL | J70: PRESTACIONES (%) | K70: JORNAL TOTAL | L70: RENDIMIENTO | N70: Vr. UNITARIO
A71: A0030060 | B71: =VLOOKUP(A71,'[134]MANO DE OBRA'!A8:D68,3,FALSE) -> Obrero (6) | I71: =K71/J71*100 -> 173004.72 | J71: 185 | K71: =VLOOKUP(A71,'[134]MANO DE OBRA'!A8:D99,4,FALSE) -> 320058.73 | M71: 12 | N71: =K71/M71 -> 26671.561
A72: A0040010 | B72: =VLOOKUP(A72,'[134]MANO DE OBRA'!A8:D69,3,FALSE) -> Oficial | I72: =K72/J72*100 -> 57668.24 | J72: 185 | K72: =VLOOKUP(A72,'[134]MANO DE OBRA'!A8:D100,4,FALSE) -> 106686.24 | M72: 12 | N72: =K72/M72 -> 8890.5203
B77: SUBTOTAL $ | N77: =SUM(N71:N76) -> 35562.081
B79: TOTAL COSTO DIRECTO $ | N79: =N43+N55+N66+N77 -> 532733.06
B81: V. COSTOS INDIRECTOS
B83: Descripción | K83: Porcentaje | L83: Valor Total
B84: ADMINISTRACION | K84: 0.2 | L84: =N79*K84 -> 106546.61
B85: IMPREVISTOS | K85: 0.05 | L85: =N79*K85 -> 26636.653
B86: UTILIDAD | K86: 0.05 | L86: =N79*K86 -> 26636.653
B87: SUBTOTAL $ | N87: =L84+L85+L86 -> 159819.92
A89: PFinal01 | B89: Precio Unitario Total Aproximado al Peso $ | N89: =ROUND(N79+N87,0) -> 692553 | P89: 692553
P91: =+P89-N89 -> 0
E94: Firma
E95: Nombre:
E96: Representante Legal del Contratista o su Apoderado
E97: Matricula No. :
B99: OBSERVACIONES INTERVENTORÍA:
B105: APROBACIÓN POR INTERVENTORÍA
B106: Nota 1: Cuando se trate de Análisis de precios unitarios correspondientes a ítems de la propuesta económica aprobada, el Interventor aprueba el desglose de los componentes manteniendo el mismo precio unitario de cada ítem, cumpliendo con las especificaciones de construcción vigentes para el proyecto.
B108: Nota 2: Cuando se trate de Análisis de precios unitarios de ítems no previstos, el Interventor aprueba el desglose y precio unitario de cada ítem no previsto, exigiendo la aplicación de los costos correspondientes a insumos y tarifas de la propuesta económica inicial cuando estén contemplados, cumpliendo con las especificaciones de construcción vigente para el proyecto.
E114: Firma
E115: Nombre:
E116: Representante Legal del Interventor o su Apoderado
E117: Matricula No. :
B119: Original: Archivo de Gestión del Contrato (Subdirección Administrativa).
B120: Copias: Unidad Ejecutora, Contratista, Interventor y Dirección Territorial.

Sheet 640.1
K1: CÓDIGO | L1: MEPI-MN1-IN-10-FR-1
C2: INSTITUTO NACIONAL DE VIAS
C3: PROCESO GESTIÓN DE LA INFRAESTRUCTURA VIAL | K3: VERSIÓN | L3: 1
C4: MANUAL DE INTERVENTORÍA OBRA PÚBLICA
C5: ANÁLISIS DE PRECIOS UNITARIOS | K5: PÁGINA | M5: DE
K8: FECHA | L8: 1 | M8: 11 | N8: 2022
L9: (Día) | M9: (Mes) | N9: (Año)
B10: ITEMS DE LA PROPUESTA ECONÓMICA | F10: □ | I10: ITEMS NO PREVISTOS | K10: □
B11: UNIDAD EJECUTORA: | D11: SGI | J11: DIRECCIÓN TERRITORIAL: | K11: RISARALDA
B14: CONTRATO No. | D14: DE
B15: OBJETO DEL CONTRATO:
B18: CARRETERA: | J18: SECTOR:
B20: CONTRATISTA:
B22: INTERVENTOR: | K22: CTO No.: | M22: DE
B24: FECHA CIERRE PROCESO DE SELECCIÓN CONTRATO DE OBRA:
F25: (Día) | I25: (Mes) | J25: (Año)
B27: DATOS ESPECÍFICOS
B29: ITEM | C29: DESCRIPCIÓN | K29: GRUPO DE AJUSTE | L29: UNIDAD | N29: CANTIDAD
B30: ITEM | C30: DESCRIPCIÓN | L30: UNIDAD | N30: CANTIDAD
A31: Unidad | B31: 640.1 | C31: Acero de Refuerzo Fy 4200 MPa. | L31: kg
B33: I. EQUIPO
B35: DESCRIPCIÓN | I35: TIPO | K35: TARIFA/HORA | L35: RENDIMIENTO | N35: Vr. UNITARIO
A36: C0010170 | B36: =VLOOKUP(A36,[134]EQUIPOS!A6:D154,3,FALSE) -> Cizalla manual de 90 cm. | K36: =VLOOKUP(A36,[134]EQUIPOS!A6:D163,4,FALSE) -> 724.88497 | M36: 80 | N36: =K36/M36 -> 9.0610621
B41: HERRAMIENTA MENOR (%) | M41: 0.02 | N41: =N78*M41+0.5 -> 4.5007341
B43: SUBTOTAL $ | N43: =SUM(N36:N42) -> 13.561796
B45: II. MATERIALES
B47: DESCRIPCIÓN | J47: UNIDAD | K47: CANTIDAD | L47: PRECIO UNIT. | N47: Vr. UNITARIO
A48: B0020003 | B48: =VLOOKUP(A48,[134]MATERIALES!A5:D373,3,FALSE) -> Acero PDR-60 | J48: =VLOOKUP(A48,[134]MATERIALES!A4:D640,2,FALSE) -> kg | K48: 1.05 | M48: 3347 | N48: =K48*M48 -> 3514.35
A49: B026012 | B49: =VLOOKUP(A49,[134]MATERIALES!A6:D373,3,FALSE) -> Alambre Negro Para Amarre | J49: =VLOOKUP(A49,[134]MATERIALES!A5:D641,2,FALSE) -> kg | K49: 0.01 | M49: 3400 | N49: =K49*M49 -> 34
B56: SUBTOTAL $ | N56: =SUM(N48:N55) -> 3548.35
B58: III. TRANSPORTES
B60: MATERIAL | H60: UNIDAD | I60: CANTIDAD (1) | J60: DISTANCIA (2) | K60: (1) * (2) | L60: TARIFA | N60: Vr. UNITARIO
A61: T0010001 | B61: =VLOOKUP(A61,[134]TRANSPORTE!A3:D117,3,FALSE) -> Transporte de acero | H61: kg/km | I61: 1.05 | J61: 1 | K61: =I61*J61 -> 1.05 | L61: =VLOOKUP(A61,[134]TRANSPORTE!A3:D117,4,FALSE) -> 0.31852019 | N61: =K61*L61 -> 0.3344462
B67: SUBTOTAL $ | N67: =N61+N62+N63+N64+N65 -> 0.3344462
B69: IV. MANO DE OBRA
B71: TRABAJADOR | I71: JORNAL | J71: PRESTACIONES (%) | K71: JORNAL TOTAL | L71: RENDIMIENTO | N71: Vr. UNITARIO
A72: A0030010 | B72: =VLOOKUP(A72,'[134]MANO DE OBRA'!A8:D68,3,FALSE) -> Obrero | I72: =K72/J72*100 -> 28834.12 | J72: 185 | K72: =VLOOKUP(A72,'[134]MANO DE OBRA'!A8:D99,4,FALSE) -> 53343.122 | M72: 800 | N72: =K72/M72 -> 66.678902
A73: A0040010 | B73: =VLOOKUP(A73,'[134]MANO DE OBRA'!A8:D69,3,FALSE) -> Oficial | I73: =K73/J73*100 -> 57668.24 | J73: 185 | K73: =VLOOKUP(A73,'[134]MANO DE OBRA'!A8:D100,4,FALSE) -> 106686.24 | M73: 800 | N73: =K73/M73 -> 133.3578
B78: SUBTOTAL $ | N78: =SUM(N72:N77) -> 200.03671
B80: TOTAL COSTO DIRECTO $ | N80: =N43+N56+N67+N78 -> 3762.2829
B82: V. COSTOS INDIRECTOS
B84: Descripción | K84: Porcentaje | L84: Valor Total
B85: ADMINISTRACION | K85: 0.2 | L85: =N80*K85 -> 752.45659
B86: IMPREVISTOS | K86: 0.05 | L86: =N80*K86 -> 188.11415
B87: UTILIDAD | K87: 0.05 | L87: =N80*K87 -> 188.11415
B88: SUBTOTAL $ | N88: =L85+L86+L87 -> 1128.6849
A90: PFinal01 | B90: Precio Unitario Total Aproximado al Peso $ | N90: =ROUND(N80+N88,0) -> 4891
E95: Firma
E96: Nombre:
E97: Representante Legal del Contratista o su Apoderado
E98: Matricula No. :
B100: OBSERVACIONES INTERVENTORÍA:
B106: APROBACIÓN POR INTERVENTORÍA
B107: Nota 1: Cuando se trate de Análisis de precios unitarios correspondientes a ítems de la propuesta económica aprobada, el Interventor aprueba el desglose de los componentes manteniendo el mismo precio unitario de cada ítem, cumpliendo con las especificaciones de construcción vigentes para el proyecto.
B109: Nota 2: Cuando se trate de Análisis de precios unitarios de ítems no previstos, el Interventor aprueba el desglose y precio unitario de cada ítem no previsto, exigiendo la aplicación de los costos correspondientes a insumos y tarifas de la propuesta económica inicial cuando estén contemplados, cumpliendo con las especificaciones de construcción vigente para el proyecto.
E115: Firma
E116: Nombre:
E117: Representante Legal del Interventor o su Apoderado
E118: Matricula No. :
B120: Original: Archivo de Gestión del Contrato (Subdirección Administrativa).
B121: Copias: Unidad Ejecutora, Contratista, Interventor y Dirección Territorial.

Sheet 700.1
K1: CÓDIGO | L1: MEPI-MN1-IN-10-FR-1
C2: INSTITUTO NACIONAL DE VIAS
C3: PROCESO GESTIÓN DE LA INFRAESTRUCTURA VIAL | K3: VERSIÓN | L3: 1
C4: MANUAL DE INTERVENTORÍA OBRA PÚBLICA
C5: ANÁLISIS DE PRECIOS UNITARIOS | K5: PÁGINA | M5: DE
K8: FECHA | L8: 1 | M8: 11 | N8: 2022
L9: (Día) | M9: (Mes) | N9: (Año)
B10: ITEMS DE LA PROPUESTA ECONÓMICA | F10: □ | I10: ITEMS NO PREVISTOS | K10: □
B11: UNIDAD EJECUTORA: | D11: SGI | J11: DIRECCIÓN TERRITORIAL: | K11: RISARALDA
B14: CONTRATO No. | D14: DE
B15: OBJETO DEL CONTRATO:
B18: CARRETERA: | J18: SECTOR:
B20: CONTRATISTA:
B22: INTERVENTOR: | K22: CTO No.: | M22: DE
B24: FECHA CIERRE PROCESO DE SELECCIÓN CONTRATO DE OBRA:
F25: (Día) | I25: (Mes) | J25: (Año)
B27: DATOS ESPECÍFICOS
B29: ITEM | C29: DESCRIPCIÓN | K29: GRUPO DE AJUSTE | L29: UNIDAD | N29: CANTIDAD
B30: ITEM | C30: DESCRIPCIÓN | L30: UNIDAD | N30: CANTIDAD
A31: Unidad | B31: 700.1 | C31: Línea de Demarcación con Pintura en Frío. | L31: m
B33: I. EQUIPO
B35: DESCRIPCIÓN | I35: TIPO | K35: TARIFA/HORA | L35: RENDIMIENTO | N35: Vr. UNITARIO
A36: C0010120 | B36: =VLOOKUP(A36,[134]EQUIPOS!A6:D154,3,FALSE) -> Camioneta D-300 | K36: =VLOOKUP(A36,[134]EQUIPOS!A6:D163,4,FALSE) -> 41665.588 | M36: 1710 | N36: =K36/M36 -> 24.365841
A37: C0010920 | B37: =VLOOKUP(A37,[134]EQUIPOS!A7:D154,3,FALSE) -> Vehículo delineador | K37: =VLOOKUP(A37,[134]EQUIPOS!A7:D164,4,FALSE) -> 89844.18 | M37: =+M36 -> 1710 | N37: =K37/M37 -> 52.540456
B41: HERRAMIENTA MENOR (%) | M41: 0.01 | N41: =N77*M41 -> 0.22226301
B43: SUBTOTAL $ | N43: =SUM(N36:N42) -> 77.12856
B45: II. MATERIALES
B47: DESCRIPCIÓN | J47: UNIDAD | K47: CANTIDAD | L47: PRECIO UNIT. | N47: Vr. UNITARIO
A48: B0013940 | B48: =VLOOKUP(A48,[134]MATERIALES!A5:D373,3,FALSE) -> Esferas reflectivas | J48: =VLOOKUP(A48,[134]MATERIALES!A4:D640,2,FALSE) -> kg | K48: 0.046 | M48: =VLOOKUP(A48,[134]MATERIALES!A5:D396,4,FALSE) -> 6228.5482 | N48: =K48*M48 -> 286.51322
A49: B0014740 | B49: =VLOOKUP(A49,[134]MATERIALES!A6:D373,3,FALSE) -> Pintura acrílica pura para tráfico | J49: =VLOOKUP(A49,[134]MATERIALES!A5:D641,2,FALSE) -> gal | K49: 0.014 | M49: =VLOOKUP(A49,[134]MATERIALES!A6:D397,4,FALSE) -> 75037.59 | N49: =K49*M49 -> 1050.5263
A50: B014002 | B50: =VLOOKUP(A50,[134]MATERIALES!A6:D373,3,FALSE) -> Disolvente para pintura Trafico (acrílico) | J50: =VLOOKUP(A50,[134]MATERIALES!A6:D642,2,FALSE) -> gal | K50: 0.00043 | M50: =VLOOKUP(A50,[134]MATERIALES!A6:D398,4,FALSE) -> 33756.334 | N50: =K50*M50 -> 14.515223
B55: SUBTOTAL $ | N55: =SUM(N48:N54) -> 1351.5547
B57: III. TRANSPORTES
B59: MATERIAL | H59: UNIDAD | I59: CANTIDAD (1) | J59: DISTANCIA (2) | K59: (1) * (2) | L59: TARIFA | N59: Vr. UNITARIO
B66: SUBTOTAL $
B68: IV. MANO DE OBRA
B70: TRABAJADOR | I70: JORNAL | J70: PRESTACIONES (%) | K70: JORNAL TOTAL | L70: RENDIMIENTO | N70: Vr. UNITARIO
A71: A0030030 | B71: =VLOOKUP(A71,'[134]MANO DE OBRA'!A8:D68,3,FALSE) -> Obrero (3) | I71: =K71/J71*100 -> 86502.36 | J71: 185 | K71: =VLOOKUP(A71,'[134]MANO DE OBRA'!A8:D99,4,FALSE) -> 160029.37 | M71: 12000 | N71: =K71/M71 -> 13.33578
A72: A0040010 | B72: =VLOOKUP(A72,'[134]MANO DE OBRA'!A8:D69,3,FALSE) -> Oficial | I72: =K72/J72*100 -> 57668.24 | J72: 185 | K72: =VLOOKUP(A72,'[134]MANO DE OBRA'!A8:D100,4,FALSE) -> 106686.24 | M72: 12000 | N72: =K72/M72 -> 8.8905203
B77: SUBTOTAL $ | N77: =SUM(N71:N76) -> 22.226301
B79: TOTAL COSTO DIRECTO $ | N79: =N43+N55+N66+N77 -> 1450.9096
B81: V. COSTOS INDIRECTOS
B83: Descripción | K83: Porcentaje | L83: Valor Total
B84: ADMINISTRACION | K84: 0.2 | L84: =N79*K84 -> 290.18191
B85: IMPREVISTOS | K85: 0.05 | L85: =N79*K85 -> 72.545478
B86: UTILIDAD | K86: 0.05 | L86: =N79*K86 -> 72.545478
B87: SUBTOTAL $ | N87: =L84+L85+L86 -> 435.27287
A89: PFinal01 | B89: Precio Unitario Total Aproximado al Peso $ | N89: =ROUND(N79+N87,0) -> 1886
E94: Firma
E95: Nombre:
E96: Representante Legal del Contratista o su Apoderado
E97: Matricula No. :
B99: OBSERVACIONES INTERVENTORÍA:
B105: APROBACIÓN POR INTERVENTORÍA
B106: Nota 1: Cuando se trate de Análisis de precios unitarios correspondientes a ítems de la propuesta económica aprobada, el Interventor aprueba el desglose de los componentes manteniendo el mismo precio unitario de cada ítem, cumpliendo con las especificaciones de construcción vigentes para el proyecto.
B108: Nota 2: Cuando se trate de Análisis de precios unitarios de ítems no previstos, el Interventor aprueba el desglose y precio unitario de cada ítem no previsto, exigiendo la aplicación de los costos correspondientes a insumos y tarifas de la propuesta económica inicial cuando estén contemplados, cumpliendo con las especificaciones de construcción vigente para el proyecto.
E114: Firma
E115: Nombre:
E116: Representante Legal del Interventor o su Apoderado
E117: Matricula No. :
B119: Original: Archivo de Gestión del Contrato (Subdirección Administrativa).
B120: Copias: Unidad Ejecutora, Contratista, Interventor y Dirección Territorial.

Sheet 700.3
K1: CÓDIGO | L1: MEPI-MN1-IN-10-FR-1
C2: INSTITUTO NACIONAL DE VIAS
C3: PROCESO GESTIÓN DE LA INFRAESTRUCTURA VIAL | K3: VERSIÓN | L3: 1
C4: MANUAL DE INTERVENTORÍA OBRA PÚBLICA
C5: ANÁLISIS DE PRECIOS UNITARIOS | K5: PÁGINA | M5: DE
K8: FECHA | L8: 1 | M8: 11 | N8: 2022
L9: (Día) | M9: (Mes) | N9: (Año)
B10: ITEMS DE LA PROPUESTA ECONÓMICA | F10: □ | I10: ITEMS NO PREVISTOS | K10: □
B11: UNIDAD EJECUTORA: | D11: SGI | J11: DIRECCIÓN TERRITORIAL: | K11: RISARALDA
B14: CONTRATO No. | D14: DE
B15: OBJETO DEL CONTRATO:
B18: CARRETERA: | J18: SECTOR:
B20: CONTRATISTA:
B22: INTERVENTOR: | K22: CTO No.: | M22: DE
B24: FECHA CIERRE PROCESO DE SELECCIÓN CONTRATO DE OBRA:
F25: (Día) | I25: (Mes) | J25: (Año)
B27: DATOS ESPECÍFICOS
B29: ITEM | C29: DESCRIPCIÓN | K29: GRUPO DE AJUSTE | L29: UNIDAD | N29: CANTIDAD
B30: ITEM | C30: DESCRIPCIÓN | L30: UNIDAD | N30: CANTIDAD
A31: Unidad | B31: 700.3 | C31: Marca Vial con Pintura en Frío. | L31: m2
B33: I. EQUIPO
B35: DESCRIPCIÓN | I35: TIPO | K35: TARIFA/HORA | L35: RENDIMIENTO | N35: Vr. UNITARIO
A36: C0010350 | B36: =VLOOKUP(A36,[134]EQUIPOS!A6:D154,3,FALSE) -> Equipo de pintura (Compresor), Presión máxima de trabajo 3300 psi. | K36: =VLOOKUP(A36,[134]EQUIPOS!A6:D163,4,FALSE) -> 6275.1432 | M36: 6.15 | N36: =K36/M36 -> 1020.3485
A37: C0010120 | B37: =VLOOKUP(A37,[134]EQUIPOS!A7:D154,3,FALSE) -> Camioneta D-300 | K37: =VLOOKUP(A37,[134]EQUIPOS!A7:D164,4,FALSE) -> 41665.588 | M37: =+M36 -> 6.15 | N37: =K37/M37 -> 6774.8923
B41: HERRAMIENTA MENOR (%) | M41: 0.01 | N41: =N77*M41-15 -> 61.516773
B43: SUBTOTAL $ | N43: =SUM(N36:N42) -> 7856.7576
B45: II. MATERIALES
B47: DESCRIPCIÓN | J47: UNIDAD | K47: CANTIDAD | L47: PRECIO UNIT. | N47: Vr. UNITARIO
A48: B0013940 | B48: =VLOOKUP(A48,[134]MATERIALES!A5:D373,3,FALSE) -> Esferas reflectivas | J48: =VLOOKUP(A48,[134]MATERIALES!A4:D640,2,FALSE) -> kg | K48: 0.39 | M48: =VLOOKUP(A48,[134]MATERIALES!A5:D396,4,FALSE) -> 6228.5482 | N48: =K48*M48 -> 2429.1338
A49: B014002 | B49: =VLOOKUP(A49,[134]MATERIALES!A6:D373,3,FALSE) -> Disolvente para pintura Trafico (acrílico) | J49: =VLOOKUP(A49,[134]MATERIALES!A5:D641,2,FALSE) -> gal | K49: 0.055 | M49: =VLOOKUP(A49,[134]MATERIALES!A6:D397,4,FALSE) -> 33756.334 | N49: =K49*M49 -> 1856.5983
A50: B0014740 | B50: =VLOOKUP(A50,[134]MATERIALES!A6:D373,3,FALSE) -> Pintura acrílica pura para tráfico | J50: =VLOOKUP(A50,[134]MATERIALES!A6:D642,2,FALSE) -> gal | K50: 0.13 | M50: =VLOOKUP(A50,[134]MATERIALES!A6:D398,4,FALSE)*1.1 -> 82541.349 | N50: =K50*M50 -> 10730.375
B55: SUBTOTAL $ | N55: =SUM(N48:N54) -> 15016.107
B57: III. TRANSPORTES
B59: MATERIAL | H59: UNIDAD | I59: CANTIDAD (1) | J59: DISTANCIA (2) | K59: (1) * (2) | L59: TARIFA | N59: Vr. UNITARIO
B66: SUBTOTAL $
B68: IV. MANO DE OBRA
B70: TRABAJADOR | I70: JORNAL | J70: PRESTACIONES (%) | K70: JORNAL TOTAL | L70: RENDIMIENTO | N70: Vr. UNITARIO
A71: A0030050 | B71: =VLOOKUP(A71,'[134]MANO DE OBRA'!A8:D68,3,FALSE) -> Obrero (5) | I71: =K71/J71*100 -> 144170.6 | J71: 185 | K71: =VLOOKUP(A71,'[134]MANO DE OBRA'!A8:D99,4,FALSE) -> 266715.61 | M71: 48.8 | N71: =K71/M71 -> 5465.4838
A72: A0040010 | B72: =VLOOKUP(A72,'[134]MANO DE OBRA'!A8:D69,3,FALSE) -> Oficial | I72: =K72/J72*100 -> 57668.24 | J72: 185 | K72: =VLOOKUP(A72,'[134]MANO DE OBRA'!A8:D100,4,FALSE) -> 106686.24 | M72: 48.8 | N72: =K72/M72 -> 2186.1935
B77: SUBTOTAL $ | N77: =SUM(N71:N76) -> 7651.6773
B79: TOTAL COSTO DIRECTO $ | N79: =N43+N55+N66+N77 -> 30524.542
B81: V. COSTOS INDIRECTOS
B83: Descripción | K83: Porcentaje | L83: Valor Total
B84: ADMINISTRACION | K84: 0.2 | L84: =N79*K84 -> 6104.9085
B85: IMPREVISTOS | K85: 0.05 | L85: =N79*K85 -> 1526.2271
B86: UTILIDAD | K86: 0.05 | L86: =N79*K86 -> 1526.2271
B87: SUBTOTAL $ | N87: =L84+L85+L86 -> 9157.3627
A89: PFinal01 | B89: Precio Unitario Total Aproximado al Peso $ | N89: =ROUND(N79+N87,0) -> 39682
E94: Firma
E95: Nombre:
E96: Representante Legal del Contratista o su Apoderado
E97: Matricula No. :
B99: OBSERVACIONES INTERVENTORÍA:
B105: APROBACIÓN POR INTERVENTORÍA
B106: Nota 1: Cuando se trate de Análisis de precios unitarios correspondientes a ítems de la propuesta económica aprobada, el Interventor aprueba el desglose de los componentes manteniendo el mismo precio unitario de cada ítem, cumpliendo con las especificaciones de construcción vigentes para el proyecto.
B108: Nota 2: Cuando se trate de Análisis de precios unitarios de ítems no previstos, el Interventor aprueba el desglose y precio unitario de cada ítem no previsto, exigiendo la aplicación de los costos correspondientes a insumos y tarifas de la propuesta económica inicial cuando estén contemplados, cumpliendo con las especificaciones de construcción vigente para el proyecto.
E114: Firma
E115: Nombre:
E116: Representante Legal del Interventor o su Apoderado
E117: Matricula No. :
B119: Original: Archivo de Gestión del Contrato (Subdirección Administrativa).
B120: Copias: Unidad Ejecutora, Contratista, Interventor y Dirección Territorial.

Sheet 710.1
K1: CÓDIGO | L1: MEPI-MN1-IN-10-FR-1
C2: INSTITUTO NACIONAL DE VIAS
C3: PROCESO GESTIÓN DE LA INFRAESTRUCTURA VIAL | K3: VERSIÓN | L3: 1
C4: MANUAL DE INTERVENTORÍA OBRA PÚBLICA
C5: ANÁLISIS DE PRECIOS UNITARIOS | K5: PÁGINA | M5: DE
K8: FECHA | L8: 1 | M8: 11 | N8: 2022
L9: (Día) | M9: (Mes) | N9: (Año)
B10: ITEMS DE LA PROPUESTA ECONÓMICA | F10: □ | I10: ITEMS NO PREVISTOS | K10: □
B11: UNIDAD EJECUTORA: | D11: SGI | J11: DIRECCIÓN TERRITORIAL: | K11: RISARALDA
B14: CONTRATO No. | D14: DE
B15: OBJETO DEL CONTRATO:
B18: CARRETERA: | J18: SECTOR:
B20: CONTRATISTA:
B22: INTERVENTOR: | K22: CTO No.: | M22: DE
B24: FECHA CIERRE PROCESO DE SELECCIÓN CONTRATO DE OBRA:
F25: (Día) | I25: (Mes) | J25: (Año)
B27: DATOS ESPECÍFICOS
B29: ITEM | C29: DESCRIPCIÓN | K29: GRUPO DE AJUSTE | L29: UNIDAD | N29: CANTIDAD
B30: ITEM | C30: DESCRIPCIÓN | L30: UNIDAD | N30: CANTIDAD
A31: Unidad | B31: 710.1 | C31: Señal Vertical de Transito tipo 1 con lamina retrorreflectiva tipo III (75 x 75 ) cm | L31: UNIDAD
B33: I. EQUIPO
B35: DESCRIPCIÓN | I35: TIPO | K35: TARIFA/HORA | L35: RENDIMIENTO | N35: Vr. UNITARIO
A36: C0010120 | B36: =VLOOKUP(A36,[134]EQUIPOS!A6:D154,3,FALSE) -> Camioneta D-300 | K36: =VLOOKUP(A36,[134]EQUIPOS!A6:D163,4,FALSE) -> 41665.588 | M36: 6 | N36: =K36/M36 -> 6944.2646
B41: HERRAMIENTA MENOR (%) | M41: 0.04 | N41: =N77*M41-22 -> 333.62081
B43: SUBTOTAL $ | N43: =SUM(N36:N42) -> 7277.8855
B45: II. MATERIALES
B47: DESCRIPCIÓN | J47: UNIDAD | K47: CANTIDAD | L47: PRECIO UNIT. | N47: Vr. UNITARIO
A49: B0014930 | B49: =VLOOKUP(A49,[134]MATERIALES!A6:D373,3,FALSE) -> Señal (grupo 1). Tablero en lámina galvanizada de 75cm*75cm, calibre 16, reflectivo tipo 1/ incluye poste ) | J49: =VLOOKUP(A49,[134]MATERIALES!A5:D641,2,FALSE) -> u | K49: 1 | M49: =VLOOKUP(A49,[134]MATERIALES!A6:D397,4,FALSE)*0.9 -> 312258.33 | N49: =K49*M49 -> 312258.33
A50: B0123660 | B50: =VLOOKUP(A50,[134]MATERIALES!A6:D373,3,FALSE) -> Concreto Resistencia 14 (Mpa) | J50: =VLOOKUP(A50,[134]MATERIALES!A6:D642,2,FALSE) -> m3 | K50: 0.025 | M50: =VLOOKUP(A50,[134]MATERIALES!A6:D398,4,FALSE) -> 376877.84 | N50: =K50*M50 -> 9421.9459
B55: SUBTOTAL $ | N55: =SUM(N48:N54) -> 321680.28
B57: III. TRANSPORTES
B59: MATERIAL | H59: UNIDAD | I59: CANTIDAD (1) | J59: DISTANCIA (2) | K59: (1) * (2) | L59: TARIFA | N59: Vr. UNITARIO
B66: SUBTOTAL $
B68: IV. MANO DE OBRA
B70: TRABAJADOR | I70: JORNAL | J70: PRESTACIONES (%) | K70: JORNAL TOTAL | L70: RENDIMIENTO | N70: Vr. UNITARIO
A71: A0040010 | B71: =VLOOKUP(A71,'[134]MANO DE OBRA'!A8:D68,3,FALSE) -> Oficial | I71: =K71/J71*100 -> 57668.24 | J71: 185 | K71: =VLOOKUP(A71,'[134]MANO DE OBRA'!A8:D99,4,FALSE) -> 106686.24 | M71: 30 | N71: =K71/M71 -> 3556.2081
A72: A0030030 | B72: =VLOOKUP(A72,'[134]MANO DE OBRA'!A8:D69,3,FALSE) -> Obrero (3) | I72: =K72/J72*100 -> 86502.36 | J72: 185 | K72: =VLOOKUP(A72,'[134]MANO DE OBRA'!A8:D100,4,FALSE) -> 160029.37 | M72: 30 | N72: =K72/M72 -> 5334.3122
B77: SUBTOTAL $ | N77: =SUM(N71:N76) -> 8890.5203
B79: TOTAL COSTO DIRECTO $ | N79: =N43+N55+N66+N77 -> 337848.69
B81: V. COSTOS INDIRECTOS
B83: Descripción | K83: Porcentaje | L83: Valor Total
B84: ADMINISTRACION | K84: 0.2 | L84: =N79*K84 -> 67569.737
B85: IMPREVISTOS | K85: 0.05 | L85: =N79*K85 -> 16892.434
B86: UTILIDAD | K86: 0.05 | L86: =N79*K86 -> 16892.434
B87: SUBTOTAL $ | N87: =L84+L85+L86 -> 101354.61
A89: PFinal01 | B89: Precio Unitario Total Aproximado al Peso $ | N89: =ROUND(N79+N87,0) -> 439203
E94: Firma
E95: Nombre:
E96: Representante Legal del Contratista o su Apoderado
E97: Matricula No. :
B99: OBSERVACIONES INTERVENTORÍA:
B105: APROBACIÓN POR INTERVENTORÍA
B106: Nota 1: Cuando se trate de Análisis de precios unitarios correspondientes a ítems de la propuesta económica aprobada, el Interventor aprueba el desglose de los componentes manteniendo el mismo precio unitario de cada ítem, cumpliendo con las especificaciones de construcción vigentes para el proyecto.
B108: Nota 2: Cuando se trate de Análisis de precios unitarios de ítems no previstos, el Interventor aprueba el desglose y precio unitario de cada ítem no previsto, exigiendo la aplicación de los costos correspondientes a insumos y tarifas de la propuesta económica inicial cuando estén contemplados, cumpliendo con las especificaciones de construcción vigente para el proyecto.
E114: Firma
E115: Nombre:
E116: Representante Legal del Interventor o su Apoderado
E117: Matricula No. :
B119: Original: Archivo de Gestión del Contrato (Subdirección Administrativa).
B120: Copias: Unidad Ejecutora, Contratista, Interventor y Dirección Territorial.
